 Dungeon Crawl Stone Soup version 0.27.0-1-g7a089689b8 (webtiles) character file.

Game seed: 11953190853182055591

142 SnakkuSnakku7 the Skirmisher (level 5, 0/43 HPs)
             Began as a Formicid Berserker on Aug 14, 2021.
             Was a Believer of Trog.
             Succumbed to a scorpion's poison
             ... on level 4 of the Dungeon.
             The game lasted 00:03:54 (3257 turns).

SnakkuSnakku7 the Skirmisher (Formicid Berserker)   Turns: 3257, Time: 00:03:55

Health: 0/43       AC:  7    Str: 21    XL:     5   Next: 49%
Magic:  14/14      EV: 10    Int:  7    God:    Trog [**....]
Gold:   124        SH:  0    Dex: 11    Spells: 4/4 levels left

rFire    . . .     SeeInvis +   a - +0 hand axe
rCold    . . .     Faith    .   (no shield)
rNeg     . . .     Spirit   .   l - +0 scale mail
rPois    .         Reflect  .   (helmet unavailable)
rElec    .         Harm     .   (no cloak)
rCorr    .         Rampage  .   (no gloves)
Will     ++...                  e - +0 pair of boots
Stlth    ..........             (no amulet)
HPRegen  1.14/turn              h - ring of magical power
MPRegen  0.14/turn              (no ring)

@: lethally poisoned (0 -> -2), strong-willed, flying, regenerating
A: permanent stasis, dig shafts and tunnels, antennae 3, four strong arms
a: Dig, Shaft Self, Renounce Religion, Trog's Hand


You were on level 4 of the Dungeon.
You worshipped Trog.
Trog was pleased with you.
You visited 1 branch of the dungeon, and saw 4 of its levels.

You collected 124 gold pieces.

Inventory:

Hand Weapons
 a - a +0 hand axe (weapon)
Missiles
 p - a poisoned dart (quivered)
Armour
 b - a +0 animal skin
 e - a +0 pair of boots (worn)
 l - a +0 scale mail (worn)
Jewellery
 h - a ring of magical power (left hand)
Scrolls
 c - a scroll of magic mapping {unknown}
 d - a scroll of enchant armour {unknown}
 g - 2 scrolls of identify {unknown}
 i - a scroll of blinking {unknown}
 j - a scroll of noise {unknown}
 k - a scroll of immolation {unknown}
 m - a scroll of teleportation {unknown}
 o - a scroll of amnesia {unknown}
Potions
 n - a potion of attraction {unknown}


   Skills:
 - Level 4.8 Fighting
 + Level 4.5 Axes
 + Level 0.8 Throwing
 - Level 2.1 Armour
 - Level 1.7 Dodging


You had 4 spell levels left.
You didn't know any spells.
Your spell library was empty.

Dungeon Overview and Level Annotations

Branches:
Dungeon (4/15)
 Temple: D:4-7

Altars:


Innate Abilities, Weirdness & Mutations

You cannot be hasted, slowed, berserked, paralysed or teleported.
You can dig through walls and to a lower floor.
You have a pair of large antennae on your head. (SInv)
Your four strong arms can wield two-handed weapons with a shield.


Message History

Found a shortbow.
Your skin stops crawling.
You feel less strong-willed.
You see here a +0 shortbow.
Unknown command.
You hit the iguana.
The iguana is almost dead.
The iguana barely misses you.
You completely miss the iguana.
The iguana is almost dead.
The iguana closely misses you.
You hit the iguana.
You kill the iguana!
Trog accepts your kill.
You closely miss the orc. The orc hits you with a +0 hand axe.
* * * LOW HITPOINT WARNING * * *
You hit the orc but do no damage. The orc hits you but does no damage.
You hit the orc but do no damage. The orc barely misses you.
The orc hits you but does no damage.
You hit the orc but do no damage. The orc completely misses you.
A scorpion comes into view.
The orc barely misses you. The orc barely misses you.
Things that are here:
a +0 shortbow; an iguana corpse The scorpion stings you but does no damage.
Your skin crawls.
You feel strong-willed. The scorpion stings you.
* * * LOW HITPOINT WARNING * * *
You are lethally poisoned!
The scorpion poisons you!
* * * LOW HITPOINT WARNING * * *
You feel very sick.
* * * LOW HITPOINT WARNING * * *
You feel very sick.
There is a stone staircase leading up here.
It was a potion of flight.
You feel very buoyant.
You fly up into the air.
You die...

#..:.# #.#.## #....#
######.#.#
.#####........##
#.......####...#
#.....))##.....#
#.......)......##.#
#.......#.s@..>.$.#
#.......#o#########
#.......#..o)...#####.#
#.......#######.......#
#.####### ######### #.


You could see a scorpion and an orc.

Vanquished Creatures
  An iguana (D:4)
  2 adders (D:2)
  A white imp (D:3)
  A worm (D:2)
  2 dart slugs
  4 orcs
  A ball python (D:2)
  6 bats
  5 endoplasms
  A giant cockroach (D:1)
  8 goblins
  3 hobgoblins
  16 jackals
  5 quokkas
  A frilled lizard (D:1)
  7 kobolds
  6 rats
70 creatures vanquished.

Vanquished Creatures (others)
  7 fungi (D:1)
  4 plants (D:1)
11 creatures vanquished.

Grand Total: 81 creatures vanquished

Notes
Turn   | Place    | Note
-------+----------+-------------------------------------------
     0 | D:1      | SnakkuSnakku7 the Formicid Berserker began the quest for
                  | the Orb.
     0 | D:1      | Reached XP level 1. HP: 18/18 MP: 1/1
    80 | D:1      | Reached XP level 2. HP: 9/24 MP: 2/2
   423 | D:1      | Found a faded altar of an unknown god.
   989 | D:1      | Reached XP level 3. HP: 30/30 MP: 3/3
  1139 | D:1      | Reached ** piety under Trog
  1646 | D:2      | Reached XP level 4. HP: 17/37 MP: 4/4
  2745 | D:3      | Reached XP level 5. HP: 42/43 MP: 5/5
  3100 | D:4      | Noticed a black bear
  3101 | D:4      | Noticed an ogre
  3225 | D:4      | Noticed a bullfrog
  3255 | D:4      | HP: 2/43 [poisoned by a scorpion]
  3257 | D:4      | Succumbed to a scorpion's poison

Illustrated notes

Levels and vault maps discovered:
D:1:      tarquinn_simple_flora_water_b, layout_loops_ring,
          dreamdust_ecumenical_altar_grove
D:2:      layout_basic
D:3:      layout_rooms, mrwooster_statue_mirror
D:4:      layout_basic, mainiacjoe_overflow_paths, uniq_crazy_yiuf_cottage

Skill      XL: |  1  2  3  4 |
---------------+-------------+-----
Fighting       | 4 |  4.8
Axes           | 4 |  4.5
Throwing       | |  0.8
Armour         | |  2.1
Dodging        | |  1.7

Action                   |  1- 3 |  4- 6 || total
-------------------------+-------+-------++-------
Melee: Hand axe          |   141 |   140 ||   281
Throw: Dart              |       |     5 ||     5
Invok: Trog's Hand       |       |     3 ||     3
  Use: Potion            |       |     1 ||     1
 Stab: Sleeping          |       |     1 ||     1
Armor: Animal skin       |    23 |    21 ||    44
       Scale mail        |       |    52 ||    52
Dodge: Dodged            |    99 |    96 ||   195
